 Dungeon Crawl Stone Soup version 0.30-a0-297-g0ec75d9ef4 (webtiles) character file.

Game seed: 6518456711275654202

18069 Lobster4 the Frost Mage (level 12, -3/96 HPs)
             Began as a Merfolk Ice Elementalist on Oct 19, 2022.
             Was an Elder of the Shining One.
             Slain by an orc knight
             ... wielding a +2 bardiche of protection
              (24 damage)
             ... on level 2 of the Orcish Mines on Oct 20, 2022.
             The game lasted 00:58:18 (16036 turns).

Lobster4 the Frost Mage (Merfolk Ice Elementalist) Turns: 16036, Time: 00:58:19

Health: -3/96      AC: 24    Str:  9    XL:     12   Next: 54%
Magic:  18/24      EV: 14    Int: 18    God:    the Shining One [****..]
Gold:   1739       SH:  0    Dex: 15    Spells: 11/27 levels left

rFire   . . .      SeeInvis .    b - +8 shortbow
rCold   . . .      Faith    .    (shield currently unavailable)
rNeg    + + .      Spirit   .    L - +0 steam dragon scales
rPois   .          Reflect  .    U - +2 hat
rElec   +          Harm     .    S - +1 cloak
rCorr   .          Rampage  .    (no gloves)
Will    .....                    x - +0 pair of boots
Stlth   +.........               (no amulet)
HPRegen 0.36/turn                e - +4 ring of protection
MPRegen 0.19/turn                (no ring)

@: ice-armoured, freezing walls, glowing
A: (nimble swimmer 2), mertail, electricity resistance
a: Renounce Religion, Divine Shield, Cleansing Flame


You were on level 2 of the Orcish Mines.
You worshipped the Shining One.
The Shining One was greatly pleased with you.
You visited 2 branches of the dungeon, and saw 14 of its levels.

You collected 1739 gold pieces.

Inventory:

Hand Weapons
 b - a +8 shortbow (weapon)
 v - a +0 trident
 C - a +1 morningstar of flaming
 M - a +0 sling
 O - a +4 hand axe of freezing
 P - a +4 battleaxe
 Q - a +4 war axe
Missiles
 h - 6 atropa-tipped darts
 i - 27 poisoned darts
 k - 24 boomerangs
 A - 3 javelins
 K - a silver boomerang
Armour
 g - a +0 ring mail
 l - +0 acid dragon scales
 x - a +0 pair of boots (worn)
 y - a +0 troll leather armour
 L - +0 steam dragon scales (worn)
 S - a +1 cloak (worn)
 T - the +3 hat of Pondering {ponderous, Will+ MP+10 Int+5}
   (You took it off Gastronok on level 9 of the Dungeon)

   Int:       It affects your intelligence (+5).
   MP:        It affects your magic capacity (+10).
   Will:      It increases your willpower.
 U - a +2 hat (worn)
Magical Staves
 a - a staff of poison
Jewellery
 e - a +4 ring of protection (left hand)
Wands
 u - a wand of quicksilver (3)
 E - a wand of paralysis (3)
 F - a wand of polymorph (22)
 I - a wand of digging (6)
 Y - a wand of flame (8)
 Z - a wand of mindburst (4)
Scrolls
 c - 3 scrolls of amnesia {unknown}
 d - a scroll of immolation {unknown}
 f - 2 scrolls of blinking
 m - a scroll of silence {unknown}
 o - 2 scrolls of enchant armour {unknown}
 p - a scroll of fear {unknown}
 q - 2 scrolls of teleportation
 r - 4 scrolls of poison
 D - a scroll of brand weapon {unknown}
 G - a scroll of fog {unknown}
 H - a scroll of acquirement
Potions
 j - a potion of attraction {unknown}
 n - a potion of berserk rage
 s - 2 potions of haste
 t - a potion of brilliance
 z - 3 potions of curing
 B - a potion of lignification
 J - a potion of flight
 N - a potion of resistance
 R - 2 potions of ambrosia
 V - a potion of magic


   Skills:
 + Level 9.5 Fighting
 - Level 2.0 Polearms
 + Level 2.7 Ranged Weapons
 - Level 1.0 Throwing
 - Level 3.0 Armour
 - Level 6.0 Dodging
 - Level 3.0 Stealth
 + Level 8.3 Spellcasting
 + Level 2.5 Hexes
 - Level 4.0 Summonings
 * Level 14.3 Ice Magic
 - Level 2.0 Poison Magic
 - Level 3.0 Invocations
 - Level 3.0 Evocations


You had 11 spell levels left.
You knew the following spells:

 Your Spells              Type           Power      Damage    Failure   Level
a - Freeze                Ice            100%       1d10      1%          1
b - Frozen Ramparts       Ice            100%       1d16      1%          3
c - Ozocubu's Armour      Ice            56%        N/A       1%          3
d - Summon Ice Beast      Ice/Summ       40%        N/A       2%          4
e - Metabolic Englaciati  Hex/Ice        18%        N/A       9%          5

Your spell library contained the following spells:

 Spells                   Type           Power      Damage    Failure   Level
 Slow                     Hex            64%        N/A       3%          1
 Confusing Touch          Hex            16%        N/A       10%         3
 Tukima's Dance           Hex            16%        N/A       10%         3
 Portal Projectile        Hex/Tloc       24%        N/A       17%         3
 Gell's Gravitas          Tloc           7%         N/A       28%         3
 Kindle Blastsparks       Fire/Tloc/Air  14%        2d11      28%         3
 Teleport Other           Tloc           7%         N/A       28%         3
 Vampiric Draining        Necr           7%         2d6       28%         3
 Fulminant Prism          Conj/Hex       6%         3d7       50%         4
 Summon Mana Viper        Hex/Summ       19%        N/A       56%         5
 Iskenderun's Mystic Bla  Conj/Tloc      7%         2d4       67%         4
 Petrify                  Tmut/Erth      7%         N/A       67%         4
 Summon Forest            Summ/Tloc      7%         N/A       75%         5
 Blade Hands              Tmut           3%         N/A       95%         5
 Lee's Rapid Deconstruct  Erth           3%         3d5*      95%         5
 Summon Cactus Giant      Summ           10%        N/A       95%         6
 Dispersal                Tloc           3%         N/A       100%        6
 Statue Form              Tmut/Erth      4%         N/A       100%        6


Dungeon Overview and Level Annotations

Branches:
Dungeon (12/15)            Temple (0/1) D:4            Lair (0/5) D:9
    Orc (2/2) D:9             Elf (0/3) Orc:2

Altars:
Nemelex Xobeh
Ru
Trog
Zin
The Shining One

Shops:
D:10 *   D:11 [   Orc:2 **

Portals:
Trove: D:10 (give 2 scrolls of acquirement)

Annotations:
D:12 Kirke


Innate Abilities, Weirdness & Mutations

((You are very nimble when in or above water. (Stealth+, EV+, Speed+++)))
Your lower body shifts to a powerful aquatic tail in water.
You are resistant to electric shocks. (rElec)


Message History

Press: ? - help, Q - select action, (/) - cycle Shift-Dir - straight line, f - orc knight
Aim: an orc knight, wielding a +2 bardiche of protection and wearing a +0 plate armour (moderately wounded, strong, haloed, 84% to hit)
You shoot an arrow. The arrow hits the orc knight.
The orc knight is moderately wounded.
The wall freezes the orc knight but does no damage.
The orc knight barely misses you.
The orc warrior shoots a bolt.
The bolt hits you.
The wall freezes the orc knight but does no damage.
The orc knight hits you from afar with a +2 bardiche of protection!
The wall freezes the orc knight but does no damage.
Casting: Frozen Ramparts (safe; 1% risk of failure)
Confirm with . or Enter, or press ? or * to list all spells.
Aiming: Freeze (safe; 1% risk of failure)
Press: ? - help, Shift-Dir - straight line, f - orc knight, p - orc knight
Aim: an orc knight, wielding a +3 broad axe and wearing a +0 plate armour (strong, haloed)
You freeze the orc knight!
The orc knight is lightly wounded.
The wall freezes the orc knight but does no damage.
The orc knight closely misses you.
The wall freezes the orc knight!
You feel much better.
The wall freezes the orc knight.
The orc knight closely misses you.
The wall freezes the orc knight!
The orc knight closely misses you.
The wall freezes the orc warrior but does no damage.
The orc warrior unwields a +0 arbalest.
The orc warrior wields a +0 scimitar.
The orc warrior hits you with a +0 scimitar!
Aiming: Paralyse
Press: ? - help, Shift-Dir - straight line, f/p - orc knight
Aim: an orc knight, wielding a +3 broad axe and wearing a +0 plate armour (heavily wounded, strong, haloed, chance to affect: 38%)
The orc knight suddenly stops moving!
The wall freezes the orc knight but does no damage.
The orc knight hits you from afar with a +2 bardiche of protection!!
The wall freezes the orc knight but does no damage.
Casting: Freeze (safe; 1% risk of failure)
Confirm with . or Enter, or press ? or * to list all spells.
A film of ice covers your body!
The wall freezes the orc warrior!
The orc warrior hits you with a +0 scimitar!
* * * LOW HITPOINT WARNING * * *
The wall freezes the orc knight but does no damage.
The orc knight hits you from afar with a +2 bardiche of protection!!
You die...

##.###.## ####.##..##
##..#.### ### ###
##.......####.......##
#.....).###.##[))....#
##.###[.)#...##<..#.#.
### ##)......#[).#.##
##.#..)..#........
##.............#...
##.#....##.#.....#..
#..@oo.....)......##
##..o#.#...........#
#...####..###....#.#
##.## #....##......'.
### ##..###......##
##[..#...^...##
##.#..##.......#
#...............
##..#............


You could see 2 orc knights and an orc warrior (strong).

Vanquished Creatures
  Gastronok (D:9)
  A boulder beetle (D:11)
  2 two-headed ogres
  4 orc high priests (Orc:2)
  Amaemon (D:8)
  An orc knight (Orc:2)
  2 cyclopes
  An orange demon (D:9)
  3 gargoyles
  2 unseen horrors (D:10)
  A komodo dragon (D:11)
  Maggie (D:7)
  5 trolls
  A hornet (D:11)
  2 wyverns
  2 vampires
  5 yaks (D:10)
  A warg (Orc:2)
  3 acid dragons
  3 water moccasins
  14 orc warriors
  An ice beast (D:8)
  A sky beast (D:6)
  7 ogres
  5 centaurs
  A kobold brigand (D:8)
  A phantom (D:6)
  3 bullfrogs
  A scorpion (D:7)
  6 wights
  17 killer bees
  An electric eel (D:8)
  2 howler monkeys (D:9)
  4 hounds
  2 jellies
  23 orc priests
  2 gnoll boudas
  2 iguanas
  17 orc wizards
  Terence (D:3)
  Robin (D:2)
  16 gnolls
  2 adders
  3 white imps
  A worm (D:4)
  4 dart slugs
  72 orcs
  3 bats
  6 endoplasms
  A giant cockroach (D:4)
  19 goblins
  12 hobgoblins
  8 jackals
  13 kobolds
  2 quokkas
  6 ball pythons
  5 frilled lizards
  A rat (D:1)
328 creatures vanquished.

Vanquished Creatures (others)
  8 plants
8 creatures vanquished.

Grand Total: 336 creatures vanquished

Notes
Turn   | Place    | Note
-------+----------+-------------------------------------------
     0 | D:1      | Lobster4 the Merfolk Ice Elementalist began the quest for
                  | the Orb.
     0 | D:1      | Reached XP level 1. HP: 13/13 MP: 3/3
   159 | D:1      | Reached XP level 2. HP: 19/20 MP: 0/5
   250 | D:1      | Found a faded altar of an unknown god.
   837 | D:1      | Reached XP level 3. HP: 25/25 MP: 4/6
  1301 | D:2      | Reached skill level 1 in Fighting
  1596 | D:2      | Noticed Robin
  2091 | D:2      | Reached XP level 4. HP: 32/32 MP: 0/7
  2159 | D:2      | Learned a level 3 spell: Frozen Ramparts
  2359 | D:2      | Killed Robin
  2360 | D:2      | Reached skill level 5 in Ice Magic
  2846 | D:2      | Reached skill level 1 in Evocations
  2889 | D:3      | Reached XP level 5. HP: 33/37 MP: 1/8
  3044 | D:3      | Learned a level 3 spell: Ozocubu's Armour
  3106 | D:3      | Noticed Terence
  3116 | D:3      | Killed Terence
  3117 | D:3      | Reached skill level 1 in Throwing
  3117 | D:3      | Reached skill level 1 in Armour
  3117 | D:3      | Reached skill level 1 in Poison Magic
  3365 | D:3      | Reached skill level 1 in Polearms
  4141 | D:4      | Found a glowing golden altar of the Shining One.
  4144 | D:4      | Became a worshipper of the Shining One
  4240 | D:4      | Found a staircase to the Ecumenical Temple.
  4265 | D:4      | Reached XP level 6. HP: 33/44 MP: 3/10
  4464 | D:5      | Entered Level 5 of the Dungeon
  5173 | D:5      | Reached skill level 6 in Ice Magic
  5173 | D:5      | Reached XP level 7. HP: 38/50 MP: 5/11
  5967 | D:6      | Reached XP level 8. HP: 58/58 MP: 6/13
  5977 | D:6      | Reached skill level 1 in Invocations
  6037 | D:6      | Reached skill level 7 in Ice Magic
  6982 | D:7      | Noticed Maggie
  7065 | D:7      | Killed Maggie
  7225 | D:7      | Reached * piety under the Shining One
  7415 | D:7      | Reached skill level 8 in Ice Magic
  7536 | D:7      | Noticed a wyvern
  7562 | D:7      | Killed a wyvern
  7563 | D:7      | Reached XP level 9. HP: 54/66 MP: 7/15
  7937 | D:8      | Reached skill level 5 in Fighting
  8564 | D:8      | Reached skill level 9 in Ice Magic
  8687 | D:8      | Reached skill level 5 in Spellcasting
  8946 | D:8      | Reached skill level 1 in Ranged Weapons
  9029 | D:8      | Found a sparkling altar of Nemelex Xobeh.
  9089 | D:8      | Found a bloodstained altar of Trog.
  9227 | D:9      | Noticed Amaemon
  9229 | D:9      | Noticed an orange demon
  9239 | D:8      | Killed Amaemon
  9296 | D:9      | Noticed Gastronok
  9387 | D:9      | Reached skill level 10 in Ice Magic
  9387 | D:9      | Reached XP level 10. HP: 50/76 MP: 11/18
  9406 | D:9      | Killed Gastronok
  9504 | D:9      | Noticed a gargoyle
  9507 | D:9      | Killed a gargoyle
  9592 | D:9      | Identified the ring of Zyfetub {Fire Drain SInv Stlth+}
  9716 | D:9      | Reached skill level 11 in Ice Magic
  9963 | D:9      | Noticed a two-headed ogre
  9970 | D:9      | Killed a two-headed ogre
 10100 | D:9      | Found a glowing silver altar of Zin.
 10109 | D:9      | Found a sacrificial altar of Ru.
 10115 | D:9      | Learned a level 4 spell: Summon Ice Beast
 10192 | D:9      | Found a staircase to the Orcish Mines.
 10212 | D:9      | Killed an orange demon
 10213 | D:9      | Reached skill level 1 in Summonings
 10266 | D:9      | Found a staircase to the Lair.
 10565 | D:10     | Entered Level 10 of the Dungeon
 10599 | D:10     | Reached ** piety under the Shining One
 10609 | D:10     | Reached XP level 11. HP: 39/85 MP: 15/21
 10610 | D:10     | Reached skill level 12 in Ice Magic
 10917 | D:10     | Found a portal to a secret trove of treasure.
 10930 | D:10     | Identified a scroll of acquirement
 11351 | D:10     | Found Mogekh's Assorted Antiques.
 11700 | D:11     | Noticed a cyclops
 11714 | D:11     | Killed a cyclops
 12034 | D:11     | Found Zaadghisi's Armour Boutique.
 12653 | D:11     | Noticed a two-headed ogre
 12662 | D:11     | Killed a two-headed ogre
 12949 | D:12     | Noticed a cyclops
 12988 | D:12     | Noticed a boulder beetle
 12988 | D:12     | Noticed a boulder beetle
 13050 | D:11     | Killed a boulder beetle
 13051 | D:11     | Reached skill level 13 in Ice Magic
 13188 | D:12     | Noticed a two-headed ogre
 13188 | D:12     | Noticed Kirke
 13350 | D:12     | Killed a cyclops
 13418 | D:12     | Reached skill level 5 in Dodging
 13519 | D:12     | Noticed a deep elf pyromancer
 13654 | Orc:1    | Entered Level 1 of the Orcish Mines
 14105 | Orc:2    | Entered Level 2 of the Orcish Mines
 14133 | Orc:2    | Reached XP level 12. HP: 71/94 MP: 15/23
 14306 | Orc:1    | Noticed an orc high priest
 14552 | Orc:2    | Learned a level 5 spell: Metabolic Englaciation
 14633 | Orc:2    | Reached *** piety under the Shining One
 14762 | Orc:2    | Noticed an orc high priest
 14780 | Orc:2    | Killed an orc high priest
 14781 | Orc:2    | Reached skill level 1 in Hexes
 14929 | Orc:2    | Reached **** piety under the Shining One
 15127 | Orc:2    | Noticed an orc high priest
 15130 | Orc:2    | Noticed an orc high priest
 15138 | Orc:2    | Killed an orc high priest
 15139 | Orc:2    | Reached skill level 14 in Ice Magic
 15144 | Orc:2    | Killed an orc high priest
 15414 | Orc:2    | Found Veikhl Vuast's General Store.
 15415 | Orc:2    | Found a staircase to the Elven Halls.
 15437 | Orc:2    | Found Xerhapn's Specific Store.
 15758 | Orc:2    | Noticed an orc high priest
 15774 | Orc:2    | Noticed a soul eater
 15811 | Orc:2    | Gained mutation: You are resistant to electric shocks.
                  | (rElec) [a neqoxec]
 15815 | Orc:2    | Killed an orc high priest
 16036 | Orc:2    | Slain by an orc knight

Illustrated notes

Levels and vault maps discovered:
D:1:      minmay_arrival_jagged, layout_rooms,
          shapermc_ecumenical_altar_starsandcircs
D:2:      layout_basic, minmay_misc_feat_iff, uniq_robin
D:3:      corexii_shack_village, layout_rooms, uniq_terence
D:4:      layout_loops_ring, kennysheep_mini_moat, minmay_temple_entry_arrows
D:5:      layout_basic
D:6:      layout_basic
D:7:      layout_loops_ring, serial_glass, glass_columns_b, glass_columns_a,
          uniq_maggie
D:8:      layout_basic, mainiacjoe_overflow_swirl, kennysheep_small_spiral
D:9:      layout_stronghold, nicolae_overflow_squiral, orc_0_dummy,
          kennysheep_doodads, uniq_gastronok, uniq_amaemon
D:10:     layout_irregular_city, serial_shops, nicolae_shop_overgrown_old_shop,
          nicolae_trove_entry_isolated
D:11:     layout_cave_pools, serial_co_window_serial, co_window_corner_a,
          co_window_corner_a, co_window_paths_a, co_window_corner_a,
          co_window_paths_b, co_window_cross_1, co_window_paths_a,
          co_window_cross_1, co_window_cross_1, co_window_unsneaky_path_c,
          co_window_of_opportunity_b, co_window_unsneaky_path_d,
          co_window_4corner_a, co_window_paths_e, glass_columns_c, serial_shops,
          nicolae_shop_advertising_works [nicolae_subvault_shop_adworks],
          chequers_jeans, kennysheep_generic_room_7
D:12:     minmay_roctagon, layout_cave_pods, uniq_kirke, uniq_psyche
Orc:1:    minmay_goldmine, layout_caves, gammafunk_ghost_grave
Orc:2:    st_orc_pillars, layout_caves, nicolae_specific_store, mines2_lemuel

Skill      XL: |  1  2  3  4  5  6  7  8  9 10 11 12 |
---------------+-------------------------------------+-----
Dodging        | 3 5 6 |  6.0
Fighting       | 1 2 3 4 6 7 8 9 |  9.5
Ice Magic      | 5 6 8 10 11 13 14 | 14.3
Evocations     | 1 2 3 |  3.0
Throwing       | 1 |  1.0
Armour         | 1 2 3 |  3.0
Poison Magic   | 1 2 |  2.0
Polearms       | 1 2 |  2.0
Stealth        | 3 |  3.0
Spellcasting   | 3 4 5 6 7 8 |  8.3
Invocations    | 3 |  3.0
Ranged Weapons | 2 |  2.7
Summonings     | 2 4 |  4.0
Hexes          | 2 |  2.5

Action                   |  1- 3 |  4- 6 |  7- 9 | 10-12 || total
-------------------------+-------+-------+-------+-------++-------
Melee: Staff             |    37 |    34 |     5 |       ||    76
       Punch             |       |     1 |     1 |     1 ||     3
       Dagger            |       |       |    34 |     9 ||    43
       Trident           |       |       |    18 |       ||    18
       Morningstar       |       |       |    17 |       ||    17
       War axe           |       |       |     4 |     6 ||    10
 Fire: Shortbow          |       |       |    18 |   269 ||   287
Throw: Boomerang         |     2 |    12 |    32 |       ||    46
       Dart              |       |     4 |       |       ||     4
 Cast: Freeze            |    63 |   110 |    71 |   165 ||   409
       Frozen Ramparts   |       |     8 |    32 |    62 ||   102
       Ozocubu's Armour  |       |       |     5 |     9 ||    14
Evoke: Wand              |       |       |     4 |     9 ||    13
  Use: Scroll            |       |     5 |     2 |     9 ||    16
       Potion            |       |     1 |     1 |     4 ||     6
 Stab: Sleeping          |     2 |     1 |       |       ||     3
Armor: Robe              |    30 |    39 |    33 |       ||   102
       Steam dragon scal |       |       |    48 |   103 ||   151
Dodge: Dodged            |    62 |   105 |   130 |   196 ||   493

Table legend: (Time is in decaauts)
 A = Elapsed time spent in this place.
 B = Non-inter-level travel time spent in this place.
 C = Inter-level travel time spent in this place.
 D = Time resting spent in this place.
 E = Time spent auto-exploring this place.
 F = Levels seen in this place.
 G = Mean time per level.
                   A        B        C        D        E       F      G
               +--------+--------+--------+--------+--------+-----+--------+
         Total |  16215 |  15382 |    833 |   3995 |   7743 |  14 | 1158.2 |
       Dungeon |  13760 |  12955 |    805 |   3190 |   6969 |  12 | 1146.7 |
  Orcish Mines |   2455 |   2427 |     28 |    805 |    774 |   2 | 1227.5 |
               +--------+--------+--------+--------+--------+-----+--------+

Top non-repeatable levels by time:
     D:2: 2100 daAuts
   Orc:2: 1984 daAuts
    D:11: 1648 daAuts
     D:6: 1389 daAuts
     D:9: 1352 daAuts
     D:8: 1270 daAuts
     D:7: 1219 daAuts
    D:10: 1162 daAuts
     D:5: 953 daAuts
     D:4: 875 daAuts
     D:3: 812 daAuts
     D:1: 744 daAuts
   Orc:1: 470 daAuts
    D:12: 232 daAuts
